 Dungeon Crawl Stone Soup version 0.20-a0-540-ge6d1839 (webtiles) character file.

2156 Asddderdsw the Gusty (level 9, -9/64 HPs)
             Began as a Black Draconian Air Elementalist on Jan 30, 2017.
             Mangled by an orc warrior
             ... wielding a +0 short sword
              (16 damage)
             ... on level 6 of the Dungeon.
             The game lasted 00:59:52 (5800 turns).

Asddderdsw the Gusty (DrAE)                         Turns: 5800, Time: 00:59:53

Health: -9/64      AC: 10    Str: 10    XL:     9   Next: 10%
Magic:  11/16      EV: 13    Int: 24    God:
Gold:   136        SH:  8    Dex: 12    Spells: 4/17 levels left

rFire    . . .     SeeInvis .   y - +5 mace (holy)
rCold    . . .     Gourm    .   (armour unavailable)
rNeg     . . .     Faith    .   n - +1 buckler
rPois    +         Spirit   .   (helmet restricted)
rElec    +         Reflect  +   (no cloak)
rCorr    +         Harm     .   (no gloves)
MR       +....                  j - +2 pair of boots
Stlth    ++........             c - +3 amulet of reflection
Regen    0.2/turn               k - ring of poison resistance
                                t - ring of resist corrosion

@: brilliant, short of breath
A: breathe lightning, unfitting armour, talons 1, magic resistance 1,
electricity resistance, cold-blooded, AC +7
a: Breathe Lightning


You were on level 6 of the Dungeon.
You were very hungry.

You visited 1 branch of the dungeon, and saw 8 of its levels.

You collected 276 gold pieces.
You spent 140 gold pieces at shops.

Inventory:

Hand Weapons
 e - the +6 rapier of Dawn {freeze, *Slow rElec rC++ MR-}
   (You found it on level 7 of the Dungeon)

   It has been specially enchanted to freeze those struck by it, causing extra
   injury to most foes and up to half again as much damage against particularly
   susceptible opponents.
   It can also slow down cold-blooded creatures.
   It greatly protects you from cold.
   It insulates you from electricity.
   It affects your resistance to hostile enchantments.
   It may slow you when you take damage.
 l - a +0 whip
 x - a +0 flail
 y - a +5 mace of holy wrath (weapon)
Missiles
 h - 182 arrows
 m - 219 stones (quivered)
 p - 3 silver javelins
Armour
 j - a +2 pair of boots (worn)
 n - a +1 buckler (worn)
Jewellery
 c - a +3 amulet of reflection (around neck)
 k - a ring of poison resistance (right hand)
 t - a ring of resist corrosion (left hand)
Scrolls
 i - a scroll of remove curse
 o - a scroll of enchant armour
 r - a scroll of holy word {unknown}
 B - a scroll of immolation
Potions
 g - 3 potions of flight
Books
 a - a book of Air

   Spells                             Type                      Level
   a - Shock                          Conjuration/Air              1
   b - Swiftness                      Charms/Air                   2
   c - Repel Missiles                 Charms/Air                   2
   d - Static Discharge               Conjuration/Air              3
   e - Lightning Bolt                 Conjuration/Air              5
Comestibles
 b - 4 bread rations
 d - 10 chunks of flesh
 s - 12 fruits
 z - 3 meat rations


   Skills:
 - Level 1.5 Fighting
 + Level 0.2 Short Blades
 + Level 4.8 Maces & Flails
 + Level 4.1 Dodging
 + Level 3.0 Stealth
 + Level 3.6 Shields
 - Level 0.4 Unarmed Combat
 + Level 4.9 Spellcasting
 + Level 4.6 Conjurations
 + Level 0.1 Charms
 + Level 7.2 Air Magic


You had 4 spell levels left.
You knew the following spells:

 Your Spells              Type           Power        Failure   Level  Hunger
a - Shock                 Conj/Air       ####         1%          1    None
b - Repel Missiles        Chrm/Air       #####.       1%          2    None
c - Swiftness             Chrm/Air       #####...     1%          2    None
d - Static Discharge      Conj/Air       #####...     1%          3    ##.....
e - Lightning Bolt        Conj/Air       #####.....   3%          5    #####..


Dungeon Overview and Level Annotations

Branches:
Dungeon (8/15)             Temple (0/1) D:6
   Lair: D:8-11

Altars:
Gozag
Hepliaklqana
Makhleb
Qazlal
Trog
Xom
Yredelemnul

Shops:
D:4 *   D:7 }

Annotations:
D:3 Pikel
D:4 Eustachio
D:5 ghowell's ghost, novice HOMo


Innate Abilities, Weirdness & Mutations

You can breathe wild blasts of lightning.
Your glossy black scales are hard. (AC +7)
You cannot fit into any form of body armour.
You are resistant to electric shocks. (rElec)
You are cold-blooded and may be slowed by cold attacks.
You have sharp toenails.
You are resistant to hostile enchantments. (MR+)


Message History

The zap hits you! You resist. The zap hits you! You resist.
You feel somewhat more hungry.
The orc warrior hits you with a short sword!
The orc warrior hits you with a short sword!!
* * * LOW HITPOINT WARNING * * *
Unknown command.
You feel better.
The orc warrior hits you with a short sword.
* * * LOW HITPOINT WARNING * * *
You feel clever all of a sudden. You block the orc warrior's attack.
Casting: Shock
Confirm with . or Enter, or press ? or * to list all spells.
Aiming: Lightning Bolt
Press: ? - help, Shift-Dir - straight line, p - orc warrior You hear a mighty clap of thunder!
The bolt of lightning misses the orc warrior.
You are feeling very hungry.
The orc warrior hits you with a short sword!
You die...

#.......#### #....
##..........######...#
#.....####...........#
#....## ####.........
#.....## ##....##..
#......#######...#####
##...............## #
##................#
##..###.@###########
##..## #.o# #### #..##
#..# ####..### ##.##
##.# #.....<.. ##.## #.#
#.###.... ##.## #.####
.. ##### ##.##
##....###.#. # #.##
##.......# ._. #####
###########....#######.#
#....


You could see an orc warrior.

Vanquished Creatures
  A hippogriff (D:7)
  2 ice beasts (D:7)
  A phantom (D:7)
  A black bear (D:7)
  A sky beast (D:7)
  An ogre (D:6)
  2 centaurs
  A big kobold (D:7)
  Blork the orc (D:4)
  4 bullfrogs
  A gnoll sergeant (D:6)
  A water moccasin zombie (D:7)
  A howler monkey (D:5)
  A bullfrog zombie (D:7)
  A bullfrog skeleton (D:7)
  4 hounds
  3 jellies
  An orc priest (D:5)
  A centaur skeleton (D:6)
  2 iguanas (D:7)
  Jessica (D:2)
  2 orc wizards (D:7)
  A worker ant (D:4)
  4 gnolls (D:6)
  7 adders
  A shadow imp (D:7)
  3 oozes
  6 worms
  3 dart slugs
  4 leopard geckos
  15 orcs
  5 giant cockroaches
  6 hobgoblins
  24 jackals
  4 quokkas
  3 ball pythons
  6 bats
  22 frilled lizards
  8 goblins
  6 kobolds
  A leopard gecko skeleton (D:3)
  A quokka zombie (D:6)
  5 rats
169 creatures vanquished.

Vanquished Creatures (others)
  A kobold (D:7)
1 creature vanquished.

Grand Total: 170 creatures vanquished

Notes
Turn   | Place    | Note
-------+----------+-------------------------------------------
     0 | D:1      | Asddderdsw the Draconian Air Elementalist began the quest for the Orb.
     0 | D:1      | Reached XP level 1. HP: 14/14 MP: 3/3
   325 | D:1      | Reached XP level 2. HP: 20/20 MP: 3/5
   648 | D:1      | Learned a level 2 spell: Repel Missiles
   651 | D:1      | Learned a level 2 spell: Swiftness
   701 | D:1      | Reached XP level 3. HP: 11/26 MP: 3/6
  1096 | D:2      | Noticed Jessica
  1192 | D:2      | Found a stormy altar of Qazlal.
  1322 | D:2      | Killed Jessica
  1322 | D:2      | Reached XP level 4. HP: 33/33 MP: 4/7
  1335 | D:2      | Reached skill level 1 in Maces & Flails
  1355 | D:2      | Learned a level 3 spell: Static Discharge
  2025 | D:3      | Found a burning altar of Makhleb.
  2331 | D:3      | Reached skill level 1 in Shields
  2331 | D:3      | Reached XP level 5. HP: 38/39 MP: 1/9
  2774 | D:4      | Found Zosoopt's General Store.
  2821 | D:4      | Bought a potion of flight for 30 gold pieces
  2821 | D:4      | Bought a scroll of blinking for 75 gold pieces
  2821 | D:4      | Bought a scroll of immolation for 35 gold pieces
  2850 | D:4      | Noticed Blork the orc
  2863 | D:4      | Killed Blork the orc
  2863 | D:4      | Reached XP level 6. HP: 22/46 MP: 1/10
  2904 | D:4      | Reached skill level 4 in Air Magic
  2981 | D:4      | Found a basalt altar of Yredelemnul.
  3062 | D:4      | Noticed Pikel
  3062 | D:4      | Noticed a slave
  3062 | D:4      | Noticed a slave
  3062 | D:4      | Noticed a slave
  3063 | D:4      | Noticed a slave
  3084 | D:4      | HP: 2/46 [Pikel/whip of freezing (6)]
  3134 | D:3      | Gained mutation: Your body sometimes deteriorates upon taking damage. [potion of mutation]
  3134 | D:3      | Gained mutation: You are frail. (-10% HP) [potion of mutation]
  3134 | D:3      | Gained mutation: You are weak. (Str -2) [potion of mutation]
  3467 | D:4      | Noticed Eustachio
  3482 | D:5      | Entered Level 5 of the Dungeon
  3495 | D:5      | HP: 1/41 [howler monkey (6)]
  3502 | D:5      | Reached skill level 1 in Fighting
  3538 | D:5      | Found a bloodstained altar of Trog.
  3538 | D:5      | Found a shimmering altar of Xom.
  3832 | D:6      | Noticed an orc warrior
  3841 | D:6      | Found an opulent altar of Gozag.
  3854 | D:6      | Gained mutation: You have sharp toenails. [potion of mutation]
  3854 | D:6      | Gained mutation: You are agile. (Dex +2) [potion of mutation]
  3854 | D:6      | Gained mutation: You have razor-sharp toenails. [potion of mutation]
  3918 | D:5      | Noticed an ice beast
  3995 | D:5      | Noticed ghowell's ghost (novice HOMo)
  4103 | D:6      | Found a staircase to the Ecumenical Temple.
  4140 | D:7      | Your scales start taking on a glossy black colour.
  4140 | D:7      | Reached skill level 5 in Air Magic
  4140 | D:7      | Reached XP level 7. HP: 36/46 MP: 12/12
  4140 | D:7      | Gained mutation: You are resistant to electric shocks. (rElec) [Black Draconian growth]
  4481 | D:7      | Learned a level 5 spell: Lightning Bolt
  4817 | D:7      | Reached XP level 8. HP: 53/53 MP: 3/13
  4839 | D:7      | Reached skill level 6 in Air Magic
  4882 | D:7      | Lost mutation: Your body sometimes deteriorates upon taking damage. [potion of cure mutation]
  4882 | D:7      | Lost mutation: You are agile. (Dex +2) [potion of cure mutation]
  4882 | D:7      | Lost mutation: You are weak. (Str -2) [potion of cure mutation]
  4882 | D:7      | Lost mutation: You have razor-sharp toenails. [potion of cure mutation]
  4882 | D:7      | Lost mutation: You are frail. (-10% HP) [potion of cure mutation]
  4960 | D:7      | Noticed a hippogriff
  5070 | D:7      | Found Bedaoqo's Gadget Emporium.
  5091 | D:7      | Found a hazy altar of Hepliaklqana.
  5107 | D:7      | Gained mutation: You are resistant to hostile enchantments. (MR+) [potion of beneficial mutation]
  5202 | D:7      | Killed a hippogriff
  5248 | D:7      | Reached skill level 7 in Air Magic
  5278 | D:7      | Got an uncursed twisted rapier {freeze}
  5279 | D:7      | Identified the +6 rapier of Dawn {freeze, *Slow rElec rC++ MR-} (You found it on level 7 of the Dungeon)
  5532 | D:6      | Reached XP level 9. HP: 60/64 MP: 10/16
  5797 | D:6      | HP: 1/64 [orc warrior/short sword (22)]
  5800 | D:6      | Mangled by an orc warrior

Vault maps used:
D:1:      minmay_arrival_arboretum_small, minmay_tetromino_t4
D:2:      grunt_qazlal_sundering, first_bread, hex_intersection, minmay_tripent,
          uniq_jessica
D:3:      overflow_temple_1_default, minmay_lizard_king
D:4:      lemuel_round_altar, serial_shops, shop, dk_vineyard_3, uniq_pikel,
          uniq_eustachio, uniq_blork_the_orc
D:5:      gammafunk_temple_overflow_statue, gup_ossuary_entry_pyramid,
          okawaru_altar_gauntlet_db
D:6:      lemuel_upstairs_altar, nicolae_gozag_cash_rules_everything_around_me,
          lemuel_doored_altar, minmay_temple_entry_mist, st_stairs_4
D:7:      lemuel_crystal_altar, serial_shops, shop_fountains, minmay_misc_feat_x
D:8:      hangedman_decor_riveting, david_nohive_1, nemelex_altar_shiori

Skill      XL: |  1  2  3  4  5  6  7  8 |
---------------+-------------------------+-----
Dodging        | 2 3 4 |  4.1
Maces & Flails | 1 2 3 4 |  4.8
Stealth        | 2 3 |  3.0
Conjurations   | 2 3 4 |  4.6
Shields        | 1 2 3 |  3.6
Spellcasting   | 3 4 |  4.9
Air Magic      | 5 7 |  7.2
Fighting       | 1 |  1.5
Short Blades   | |  0.2
Unarmed Combat | |  0.4
Charms         | |  0.1

Action                   |  1- 3 |  4- 6 |  7- 9 || total
-------------------------+-------+-------+-------++-------
Melee: Unarmed           |    18 |       |       ||    18
       Tailslap          |     7 |    20 |     5 ||    32
       Whip              |    41 |    39 |       ||    80
       Club              |     5 |       |       ||     5
       Flail             |       |     7 |       ||     7
       Mace              |       |    98 |    77 ||   175
       Rapier            |       |       |     8 ||     8
 Cast: Shock             |    52 |   129 |   101 ||   282
       Repel Missiles    |     1 |     1 |     1 ||     3
       Static Discharge  |       |     2 |       ||     2
       Swiftness         |       |     2 |       ||     2
       Lightning Bolt    |       |       |     1 ||     1
 Abil: Breathe Lightning |       |       |     3 ||     3
  Use: Scroll            |       |    16 |     4 ||    20
       Potion            |       |     9 |     5 ||    14
 Stab: Sleeping          |     1 |     2 |       ||     3
  Eat: Chunk             |     2 |     8 |     5 ||    15
       Royal jelly       |       |     1 |       ||     1
Armor: Skin              |    26 |    78 |    50 ||   154
Dodge: Dodged            |    62 |   145 |    62 ||   269
       Deflected         |       |     3 |     4 ||     7
Block: Buckler           |       |    54 |    48 ||   102
       Reflection        |       |       |     6 ||     6
